 Dungeon Crawl Stone Soup version 0.29-a0-721-g7f417c9bbb (webtiles) character file.

Game seed: 2391561546386691820

36 indigestion the Ducker (level 3, -4/25 HPs)
             Began as a Djinni Hedge Wizard on June 28, 2022.
             Slain by a goblin
             ... wielding a +1 dagger of venom
             ... led by Robin
              (6 damage)
             ... on level 2 of the Dungeon.
             The game lasted 00:04:19 (1837 turns).

indigestion the Ducker (Djinni Hedge Wizard)        Turns: 1837, Time: 00:04:19

Health: -4/25      AC:  2    Str:  9    XL:     3   Next: 57%
Gold:   72         EV: 12    Int: 17    God:
                   SH:  0    Dex: 12

rFire   + + .      SeeInvis .   a - +0 dagger
rCold   x . .      Faith    .   (no shield)
rNeg    . . .      Spirit   .   b - +0 robe
rPois   ∞          Reflect  .   c - +0 hat
rElec   .          Harm     .   (no cloak)
rCorr   .          Rampage  .   (no gloves)
Will    .....                   (boots unavailable)
Stlth   ++........              (no amulet)
HPRegen 0.08/turn               (no ring)
MPRegen 0.00/turn               (no ring)

@: flying, very slightly contaminated
A: sickness immunity, fire resistance 2, cold vulnerability 1, float, innate
caster, HP casting, extra vitality 1
a: no special abilities


You were on level 2 of the Dungeon.
You visited 1 branch of the dungeon, and saw 2 of its levels.

You collected 72 gold pieces.

Inventory:

Hand Weapons
 a - a +0 dagger (weapon)
Armour
 b - a +0 robe (worn)
 c - a +0 hat (worn)
 h - a +0 kite shield
Scrolls
 d - a scroll of noise {unknown}
 f - 2 scrolls of torment {unknown}
 g - a scroll of identify {unknown}
 j - 3 scrolls of summoning {unknown}
 l - 2 scrolls of enchant armour {unknown}
 m - a scroll of teleportation {unknown}
Potions
 e - a potion of cancellation {unknown}
 i - a potion of curing {unknown}
 k - a potion of flight {unknown}
 n - a potion of lignification {unknown}


   Skills:
 + Level 3.0 Dodging
 - Level 2.1 Stealth
 + Level 2.8 Spellcasting


You couldn't memorise any spells.
You knew the following spells:

 Your Spells              Type           Power      Damage    Failure   Level
a - Magic Dart            Conj           48%        1d5       5%          1
b - Blink                 Tloc           24%        N/A       9%          2
c - Call Imp              Summ           12%        N/A       9%          2
d - Slow                  Hex            48%        N/A       5%          1
e - Conjure Flame         Conj/Fire      12%        6-21      16%         3
f - Mephitic Cloud        Conj/Pois/Air  12%        N/A       16%         3
g - Summon Small Mammal   Summ           48%        N/A       5%          1
Your spell library was empty.

Dungeon Overview and Level Annotations

Branches:
Dungeon (2/15)

Altars:

Annotations:
D:2 Robin


Innate Abilities, Weirdness & Mutations

You are immune to sickness and miasma.
You are immune to poison.
Your flesh is very heat resistant. (rF++)
You are vulnerable to cold. (rC-)
You float through the air rather than walking.
You learn spells naturally, not from books.
Your magical power is your life essence.
You have superior vitality. (+4 MHP)


Message History

You completely miss the hobgoblin.
The hobgoblin is heavily wounded.
The hobgoblin barely misses you.
The goblin shouts!
You hit the hobgoblin but do no damage.
The hobgoblin is moderately wounded.
Your white imp barely misses the hobgoblin.
The hobgoblin closely misses you.
Casting: Call Imp (safe; 9% risk of failure)
Confirm with . or Enter, or press ? or * to list all spells.
You don't know that spell.
You closely miss the hobgoblin.
The hobgoblin is moderately wounded.
Your white imp gestures at the hobgoblin.
The puff of frost hits the hobgoblin.
The hobgoblin dies!
A goblin comes into view. It is wielding a +0 club.
Robin zaps a wand.
The puff of flame misses you.
Casting: Call Imp (safe; 9% risk of failure)
Confirm with . or Enter, or press ? or * to list all spells.
You miscast Call Imp.
Nothing appears to happen.
* * * LOW HITPOINT WARNING * * *
Your white imp hits Robin.
Your white imp freezes Robin.
Robin zaps a wand.
The puff of flame misses you.
Casting: Call Imp (safe; 9% risk of failure)
Confirm with . or Enter, or press ? or * to list all spells.
A beastly little devil appears in a puff of flame.
* * * LOW HITPOINT WARNING * * *
Your white imp disappears in a puff of smoke!
Robin zaps a wand.
The puff of flame hits you. You resist.
* * * LOW HITPOINT WARNING * * *
The goblin hits your crimson imp with a +0 dagger.
Robin throws the goblin at you!
* * * LOW HITPOINT WARNING * * *
Your crimson imp blinks!
The goblin closely misses you. The goblin misses you.
Robin throws the goblin at you!
* * * LOW HITPOINT WARNING * * *
The goblin hits you with a +1 dagger of venom.
You die...

#.########...# #.# ##.##
#####.# ####...#######
....#.# #....#........
......# #.##...#######
......# #.###.## ......##
#.# #.# #....>.#
##.###.#####
##.....###...##g@...###
#.........#.....g.5..#
##.....###...######.#.#####.
##.....####.## #.g..g..).
............# ###.######
#...######### ... ....# ..##
....# #.# ##..# .#


You could see Robin (ally target), 2 goblins and a friendly crimson imp
(summoned).

Vanquished Creatures
  5 bats (D:1)
  5 endoplasms (D:1)
  A giant cockroach (D:1)
  7 goblins
  A hobgoblin (D:1)
  A quokka (D:1)
  5 ball pythons
  A frilled lizard (D:1)
  4 rats (D:1)
30 creatures vanquished.

Vanquished Creatures (collateral kills)
  An endoplasm (D:2)
  A hobgoblin (D:2)
2 creatures vanquished.

Grand Total: 32 creatures vanquished

Notes
Turn   | Place    | Note
-------+----------+-------------------------------------------
     0 | D:1      | indigestion the Djinni Hedge Wizard began the quest for the
                  | Orb.
     0 | D:1      | indigestion set off with the following spells memorised:
                  | Magic Dart, Blink, Call Imp, Slow, Conjure Flame, Mephitic
                  | Cloud.
     0 | D:1      | Reached XP level 1. HP: 15/15 MP: 0/0
   426 | D:1      | Reached XP level 2. HP: 18/21 MP: 0/0
  1257 | D:1      | Reached XP level 3. HP: 17/25 MP: 0/0
  1257 | D:1      | Learned a level 1 spell: Summon Small Mammal
  1822 | D:2      | Reached skill level 3 in Dodging
  1823 | D:2      | Noticed Robin
  1837 | D:2      | Slain by a goblin

Illustrated notes

Levels and vault maps discovered:
D:1:      psy_arrival_fountain, layout_basic
D:2:      layout_loops_ring, shapermc_ecumenical_altar_acropolis, basic_altar,
          uniq_robin

Skill      XL: |  1  2  3 |
---------------+----------+-----
Stealth        | 2 |  2.1
Dodging        | 3 |  3.0
Spellcasting   | |  2.8

Action                   || total
-------------------------++-------
Melee: Dagger            ||    25
       Punch             ||     1
 Cast: Magic Dart        ||    60
       Slow              ||     1
       Blink             ||     1
       Call Imp          ||     4
Armor: Robe              ||     7
Dodge: Dodged            ||    33

Table legend: (Time is in decaauts)
 A = Elapsed time spent in this place.
 B = Non-inter-level travel time spent in this place.
 C = Inter-level travel time spent in this place.
 D = Time resting spent in this place.
 E = Time spent auto-exploring this place.
 F = Levels seen in this place.
 G = Mean time per level.
                   A        B        C        D        E       F      G
               +--------+--------+--------+--------+--------+-----+--------+
         Total |   1836 |   1825 |     11 |    733 |    902 |   2 |  918.0 |
       Dungeon |   1836 |   1825 |     11 |    733 |    902 |   2 |  918.0 |
               +--------+--------+--------+--------+--------+-----+--------+

Top non-repeatable levels by time:
     D:1: 1631 daAuts
     D:2: 205 daAuts
